 Dungeon Crawl Stone Soup version 0.17-a0-1678-g710b578 (webtiles) character file.

11614 Gargoyl the Nimble (level 11, -16/86 HPs)
             Began as a Demonspawn Abyssal Knight on Aug 19, 2015.
             Was the Champion of Lugonu.
             Demolished by a harpy (19 damage)
             ... summoned by Kirke
             ... on level 13 of the Dungeon.
             The game lasted 00:44:54 (13628 turns).

Gargoyl the Nimble (Demonspawn Abyssal Knight)     Turns: 13628, Time: 00:44:54

Health: -16/86     AC:  0    Str: 17    XL:     11   Next: 51%
Magic:  21/21      EV: 19    Int: 13    God:    Lugonu [******]
Gold:   574        SH:  0    Dex: 12    Spells: 1 memorised, 21 levels left

rFire  . . .     SeeInvis .     (weapon currently unavailable)
rCold  . . .     Clarity  .     (armour currently unavailable)
rNeg   . . .     SustAt   .     (shield currently unavailable)
rPois  .         Gourm    .     (helmet currently unavailable)
rElec  .         Spirit   .     (cloak currently unavailable)
rCorr  .         Warding  .     (gloves currently unavailable)
rMut   .         Stasis   .     (boots currently unavailable)
MR     .....                    (no amulet)
Stlth  ++........               (ring currently unavailable)
                                (ring currently unavailable)

@: pig-form, slowed, not resistant to hostile enchantments, unstealthy
A: (claws 0), (iridescent scales 0), demonic guardian 2
a: Depart the Abyss, Bend Space, Banish, Corrupt, Enter the Abyss, Brand Weapon
With Distortion, Renounce Religion


You were on level 13 of the Dungeon.
You worshipped Lugonu.
Lugonu was exalted by your worship.
You were hungry.
You were a filthy swine.
You visited 1 branch of the dungeon, and saw 13 of its levels.
You visited the Abyss 1 time.

You collected 574 gold pieces.

Inventory:

Hand weapons
 m - a +2 hand axe of distortion (melded)
 J - a +1 morningstar
Missiles
 a - 7 poisoned tomahawks (quivered)
Armour
 d - a +0 helmet (melded)
 o - a +0 cloak (melded)
 y - a +3 leather armour of fire resistance (melded)
 R - a +2 buckler of protection (melded)
Jewellery
 k - an uncursed ring of invisibility
 l - the ring "Kubysif" (melded) {rElec MR- Str+5 Stlth-}
   (You found it on level 5 of the Dungeon)

   [ring of loudness]

   It affects your strength (+5).
   It insulates you from electricity.
   It affects your resistance to hostile enchantments.
   It makes you less stealthy.
 x - a ring of protection from fire (melded)
 B - an uncursed ring of magical power
 P - an uncursed ring of stealth
 Q - an uncursed amulet of resist mutation
 X - an uncursed ring of positive energy {unknown}
Magical devices
 q - a wand of lightning (5)
 v - a wand of draining (7)
 M - a wand of paralysis (10)
 O - a wand of cold (12)
 T - a wand of lightning (13)
 V - a wand of fire (13)
Scrolls
 e - 2 scrolls of fog
 f - 5 scrolls of identify
 g - 6 scrolls of magic mapping
 i - 2 scrolls of remove curse
 n - 4 scrolls of random uselessness
 E - a scroll of teleportation
 H - a scroll of amnesia
 L - a scroll of blinking
 S - a scroll of recharging
 W - 2 scrolls of fear
Potions
 h - a potion of agility
 j - 2 potions of resistance
 p - 2 potions of ambrosia
 r - 2 potions of lignification
 t - a potion of degeneration {unknown}
 u - a potion of invisibility {unknown}
 w - 2 potions of brilliance
 A - 2 potions of cancellation
 C - 2 potions of flight
 F - 2 potions of curing
 G - a potion of might {unknown}
 I - a potion of heal wounds
 K - 2 potions of haste {unknown}
 N - 7 potions of poison
Books
 z - a book of Fire

   Spells                             Type                      Level
   a - Ignite Poison                  Fire/Transmutation/Poison    3
   b - Fireball                       Conjuration/Fire             5
   c - Bolt of Fire                   Conjuration/Fire             6
   d - Delayed Fireball               Conjuration/Fire             7
   e - Ring of Flames                 Charms/Fire                  7
Comestibles
 b - 2 slices of pizza
 c - 5 bread rations
 s - 5 fruits
 D - 7 meat rations
 U - 4 beef jerkies


   Skills:
 + Level 7.8 Fighting
 + Level 7.4 Axes
 + Level 1.9 Throwing
 + Level 6.3 Armour
 + Level 9.4 Dodging
 + Level 2.5 Stealth
 + Level 1.9 Shields
 * Level 7.0 Spellcasting
 + Level 2.7 Invocations


You had 21 spell levels left.
You knew the following spells:

 Your Spells              Type           Power        Failure   Level  Hunger
a - Ignite Poison         Fire/Trmt/Pois #.......     52%         3    ##.....


Dungeon Overview and Level Annotations

Branches:
Dungeon (13/15)            Temple (0/1) D:6            Lair (0/8) D:9
    Orc (0/4) D:12
 Vaults: D:13-14

Altars:
Cheibriados
Elyvilon
Fedhas
Makhleb
Trog
Zin
The Shining One

Portals:
Trove: D:10 (give +5 demon blade)

Annotations:
D:13 Kirke
Abyss:1 Menkaure


Innate Abilities, Weirdness & Mutations

((You have sharp fingernails.))
((You are mostly covered in iridescent scales (AC +6).))
A demonic guardian rushes to your aid.


Message History

The harpy closely misses you. The harpy claws you!!
The hound barks!
The harpy claws you!
* * * LOW HITPOINT WARNING * * *
The hound bites you.
* * * LOW HITPOINT WARNING * * *
The harpy barely misses you. The harpy claws you.
* * * LOW HITPOINT WARNING * * *
The hound closely misses you. The harpy barely misses you. The harpy claws you!
* * * LOW HITPOINT WARNING * * *
The hound bites you.
* * * LOW HITPOINT WARNING * * *
The harpy barely misses you. The harpy claws you.
* * * LOW HITPOINT WARNING * * *
Drink which item? (? for menu, Esc to quit)
You feel better. The harpy completely misses you. The harpy claws you!
* * * LOW HITPOINT WARNING * * *
The hound pauses to sniff the ground.
The hound misses you. The harpy claws you!!
You die...

......†.##...#
#. ##§##..#
#..##§#.#<.#####
#....###.......#
##.##.#.#..###.#
# ##.##..#
#.##..# #.##..#
##.##h.#####
#..HHh.......
#.#h##.####.#
#.†## .# #†.# ..
#..# ### #..#
....# .....$#


You could see 2 harpies, a hog and a hound.

Vanquished Creatures
  2 centaur skeletons
  A kobold demonologist (D:11)
  A tengu conjurer (D:10)
  A shadow (D:11)
  Sigmund (D:4)
  A wraith (D:10)
  A hog (D:13)
  A hungry ghost (D:9)
  4 yaks (D:9)
  A deep elf mage (D:10)
  A hippogriff (D:10)
  2 mottled dragons (D:12)
  2 ice beasts (D:7)
  6 orc warriors
  2 phantoms
  4 ogres
  2 black bears
  A sky beast (D:9)
  A necrophage (D:12)
  2 crocodiles
  3 centaurs
  Blork the orc (D:5)
  A gnoll sergeant (D:9)
  A big kobold (D:8)
  3 giant frogs
  A wyvern skeleton (D:11)
  4 scorpions
  2 killer bees (D:10)
  9 wights (D:11)
  4 electric eels (D:9)
  2 jellies
  3 crimson imps
  3 hounds
  A centaur zombie (D:12)
  8 orc wizards
  Ijyb (D:2)
  4 giant frog zombies
  2 iguanas
  10 orc priests
  2 quasits
  5 worker ants
  2 hound zombies
  A worker ant zombie (D:10)
  Robin (D:4)
  11 adders
  4 gnolls
  4 shadow imps
  An ooze (D:4)
  2 adder skeletons
  3 worms
  3 giant geckos
  46 orcs
  2 giant cockroaches
  9 hobgoblins
  6 jackals
  11 kobolds
  2 quokkas
  2 ball pythons (D:2)
  4 bats
  11 giant newts
  10 goblins
  2 quokka skeletons
  7 rats
251 creatures vanquished.

Vanquished Creatures (collateral kills)
  A hydra (D:12)
  A centaur warrior (D:12)
  Nergalle (D:10)
  2 hill giants (D:10)
  Joseph (D:10)
  A hog (D:13)
  3 yaks (D:11)
  A steam dragon (D:9)
  An ice beast (D:10)
  2 ogres
  A giant frog (D:6)
  A wyvern zombie (D:11)
  A wyvern skeleton (D:9)
  A jelly (D:10)
  A killer bee (D:10)
  A giant frog skeleton (D:11)
  An iguana (D:11)
  An orc priest (D:11)
  An orc wizard (D:11)
  2 worker ants
  A worker ant zombie (D:11)
  2 gnolls
  2 adders (D:10)
  3 orcs
  A giant cockroach (D:7)
  A kobold (D:11)
35 creatures vanquished.

Vanquished Creatures (others)
  A hill giant (D:13)
  A kobold demonologist (D:11)
  A troll (D:11)
  A trapdoor spider (D:12)
  2 yaks
  A hippogriff (D:12)
  A hungry ghost (D:9)
  An orc warrior (D:12)
  A sky beast (D:8)
  An ogre (D:11)
  2 phantoms
  A centaur (D:10)
  A giant frog (D:8)
  A giant frog zombie (D:9)
  An orc wizard (D:7)
  An orc priest (D:11)
  A hound (D:9)
  2 worker ants
  An iguana (D:7)
  A gnoll (D:9)
  An adder (D:9)
  An orc (D:5)
  A jackal (D:5)
  9 plants
35 creatures vanquished.

Grand Total: 321 creatures vanquished

Notes
Turn   | Place    | Note
--------------------------------------------------------------
     0 | Abyss:1  | Gargoyl the Demonspawn Abyssal Knight began the quest for the Orb.
     0 | Abyss:1  | Reached XP level 1. HP: 18/18 MP: 2/2
    45 | Abyss:1  | Noticed a worldbinder
    56 | Abyss:1  | Noticed a large abomination
    64 | Abyss:1  | Noticed a soul eater
    70 | D:1      | Escaped the Abyss
   333 | D:1      | Acquired Lugonu's first power
   428 | D:1      | Gained mutation: You have sharp fingernails. [demonic ancestry]
   428 | D:1      | Reached XP level 2. HP: 22/24 MP: 3/3
   648 | D:1      | Reached skill level 1 in Dodging
  1224 | D:2      | Gained mutation: You are partially covered in iridescent scales (AC +4). [demonic ancestry]
  1224 | D:2      | Reached XP level 3. HP: 18/29 MP: 3/5
  1799 | D:2      | Acquired Lugonu's second power
  1818 | D:2      | Reached XP level 4. HP: 9/37 MP: 6/6
  2187 | D:2      | Found a burning altar of Makhleb.
  2386 | D:3      | Noticed Ijyb
  2414 | D:2      | Killed Ijyb
  2414 | D:2      | Reached skill level 1 in Spellcasting
  2544 | D:3      | Found a bloodstained altar of Trog.
  2778 | D:3      | Found a white marble altar of Elyvilon.
  2778 | D:3      | Found a glowing golden altar of the Shining One.
  3366 | D:4      | Noticed Robin
  3381 | D:4      | Killed Robin
  3381 | D:4      | Reached XP level 5. HP: 29/42 MP: 7/7
  3483 | D:4      | Reached skill level 4 in Fighting
  3519 | D:4      | Noticed Sigmund
  3545 | D:4      | HP: 2/42 [something (8)]
  3593 | D:4      | Killed Sigmund
  3593 | D:4      | Reached XP level 6. HP: 21/48 MP: 8/8
  4520 | D:4      | Noticed an ogre
  4533 | D:4      | Killed an ogre
  4533 | D:4      | Reached XP level 7. HP: 55/55 MP: 10/10
  4768 | D:3      | Found a bloodstained altar of Trog.
  4808 | D:5      | Entered Level 5 of the Dungeon
  4960 | D:5      | Reached skill level 1 in Stealth
  4973 | D:5      | Got a heavily runed steel ring
  4977 | D:5      | Identified the ring "Kubysif" {rElec MR- Str+5 Stlth-} (You found it on level 5 of the Dungeon)
  5152 | D:5      | Noticed Blork the orc
  5159 | D:5      | Acquired Lugonu's third power
  5317 | D:5      | Found a snail-covered altar of Cheibriados.
  5420 | D:5      | Killed Blork the orc
  5562 | D:6      | Noticed Menkaure
  5578 | D:6      | Banished Menkaure
  5578 | D:6      | Gained mutation: A weak demonic guardian rushes to your aid. [demonic ancestry]
  5578 | D:6      | Reached XP level 8. HP: 17/61 MP: 12/12
  5800 | D:6      | Learned a level 3 spell: Ignite Poison
  5810 | D:6      | Found a staircase to the Ecumenical Temple.
  5925 | D:6      | Reached skill level 5 in Fighting
  6350 | D:7      | Found a glowing silver altar of Zin.
  6404 | D:7      | Reached skill level 5 in Armour
  6431 | D:7      | Reached skill level 5 in Dodging
  6893 | D:7      | Acquired Lugonu's fourth power
  7243 | D:8      | Gained mutation: You are mostly covered in iridescent scales (AC +6). [demonic ancestry]
  7243 | D:8      | Reached XP level 9. HP: 65/68 MP: 15/15
  7749 | D:8      | Reached skill level 5 in Axes
  7961 | D:9      | Reached skill level 1 in Throwing
  7962 | D:9      | Reached skill level 6 in Dodging
  8119 | D:9      | Found a staircase to the Lair.
  8119 | D:9      | Noticed an elephant
  8614 | D:9      | Reached skill level 5 in Spellcasting
  9232 | D:9      | Reached skill level 7 in Dodging
  9234 | D:9      | Gained mutation: A demonic guardian rushes to your aid. [demonic ancestry]
  9234 | D:9      | Reached XP level 10. HP: 73/77 MP: 17/17
  9289 | D:10     | Entered Level 10 of the Dungeon
  9289 | D:10     | Noticed Nergalle
  9297 | D:10     | Killed Nergalle
  9748 | D:10     | Noticed a hill giant
  9754 | D:10     | Killed a hill giant
 10029 | D:10     | Found a portal to a secret trove of treasure.
 10236 | D:10     | Acquired Lugonu's fifth power
 10371 | D:10     | Noticed Joseph
 10382 | D:10     | Killed Joseph
 10562 | D:10     | Noticed a hill giant
 10568 | D:10     | Killed a hill giant
 10568 | D:10     | Reached skill level 8 in Dodging
 11093 | D:11     | Reached XP level 11. HP: 76/84 MP: 20/20
 11371 | D:11     | Reached skill level 9 in Dodging
 11961 | D:12     | Found a blossoming altar of Fedhas.
 12091 | D:12     | Noticed a centaur warrior
 12096 | D:12     | Killed a centaur warrior
 12096 | D:12     | Reached skill level 1 in Shields
 12717 | D:12     | Found a staircase to the Orcish Mines.
 13157 | D:12     | Noticed a four-headed hydra
 13169 | D:12     | Killed a four-headed hydra
 13590 | D:13     | Noticed a hill giant
 13599 | D:13     | Banished a hill giant
 13614 | D:13     | Noticed Kirke
 13628 | D:13     | HP: 3/86 [harpy[Kirke] (13)]
 13628 | D:13     | Demolished by a harpy

Vault maps used:
D:1:      dpeg_arrival_rooms_c, serial_forest, infiniplex_forest_join,
          infiniplex_forest_end_2, infiniplex_forest_lined_corner,
          infiniplex_forest_clump_large, infiniplex_forest_end_2,
          infiniplex_forest_lined_room_, infiniplex_forest_clump_medium,
          infiniplex_forest_clump_long, infiniplex_forest_clump_cross
D:2:      grunt_ministairs_9, roderic_roman_lattice, hangedman_decor_points,
          bloody_makhleb
D:3:      lemuel_upstairs_altar, lemuel_crystal_altar,
          gammafunk_temple_overflow_elements, first_bread, st_stairs_6,
          hangedman_glass_teeth, uniq_iyjb
D:4:      uniq_robin, uniq_sigmund
D:5:      slow_altar_1, serial_glass, glass_columns_a, glass_columns_c,
          minivault_11, uniq_blork_the_orc
D:6:      minmay_temple_entry_junction2, hangedman_abyss_or_decor_lesser_grid,
          uniq_menkaure
D:7:      lemuel_round_altar
D:9:      david_lair_generic, serial_bayou, serial_bayou_crossing,
          serial_bayou_pond_b, serial_bayou_pond_e, serial_bayou_lake_a
D:10:     nicolae_trove_entry_crystal, grunt_tengu_nest, minmay_misc_feat_rows,
          solitary_fountain, uniq_nergalle, uniq_joseph
D:11:     minmay_fountain_box
D:12:     erik_orc_1, fedhas_altar_1
D:13:     david_vaults_2, lab_entry_generic, uniq_kirke

Action                   |  1- 3 |  4- 6 |  7- 9 | 10-12 || total
-------------------------+-------+-------+-------+-------++-------
Melee: Hand axe          |   123 |   149 |   385 |   406 ||  1063
       Morningstar       |       |       |       |     2 ||     2
       Unarmed           |       |       |       |     1 ||     1
Throw: Tomahawk          |       |     1 |     6 |     4 ||    11
Invok: Depart the Abyss  |     1 |       |       |       ||     1
  Use: Potion            |     4 |     6 |     1 |     5 ||    16
       Scroll            |       |    11 |     2 |    12 ||    25
 Stab: Distracted        |       |       |     1 |     1 ||     2
  Eat: Royal jelly       |     1 |       |       |       ||     1
       Bread ration      |     1 |     2 |     2 |     1 ||     6
       Chunk             |       |       |     4 |     1 ||     5
       Beef jerky        |       |       |     1 |       ||     1
       Fruit             |       |       |       |     9 ||     9
